Map: Dusk Towers

Players

Gyro

  • Race: Protoss Protoss
  • League: Silver

lesha - Winner!

  • Race: Terran Terran

VOD

Have the link to the VOD?

Description

Time

  • Played on: Dec. 10, 2015, 9:39 a.m.
  • Length: 15:06
Show
View Real Time Build Order
Export as new Build Order

Gyro Protoss 

Build Orders:  

Get SALT Encoding   

  12  0:01  Probe (Chrono Boost)  
  13  0:11  Probe (Chrono Boost)  
  14  0:21  Pylon  
  14  0:29  Probe (Chrono Boost)  
  15  0:45  Gateway  
  15  0:50  Gateway, Probe (Chrono Boost)  
  16  1:01  Probe (Chrono Boost)  
  17  1:11  Probe (Chrono Boost)  
  18  1:41  Zealot (Chrono Boost)  
  18  1:44  Zealot (Chrono Boost)  
  22  1:48  Gateway  
  22  1:55  Cybernetics Core  
  22  2:01  Pylon  
  22  2:02  Pylon  
  22  2:06  Assimilator  
  22  2:14  Gateway  
  22  2:18  Assimilator  
  22  2:20  Zealot (Chrono Boost)  
  24  2:28  Zealot (Chrono Boost)  
  26  2:30  Probe  
  27  2:42  Probe  
  28  2:54  Probe  
  28  2:58  Warp Gate (Chrono Boost)  
  29  3:03  Stalker (Chrono Boost)  
  31  3:06  Probe  
  32  3:13  Pylon  
  32  3:18  Probe  
  33  3:20  Forge  
  33  3:22  Stalker  
  35  3:32  Stalker  
  37  3:37  Stalker  
  39  3:44  Pylon  
  39  3:54  Stalker  
  41  3:58  Protoss Ground Weapons Level 1 (Chrono Boost)  
  41  4:07  Stalker  
  43  4:16  Stalker  
  45  4:27  Stalker (Chrono Boost)  
  47  4:34  Stalker (Chrono Boost)  
  49  5:18  Stalker  
  49  5:19  Stalker x2  
  55  5:28  Pylon  
  55  5:46  Pylon  
  55  5:49  Protoss Ground Armor Level 1 (Chrono Boost)  
  55  5:50  Stalker x2  
  55  5:51  Stalker  
  55  5:57  Stalker  
  63  6:05  Pylon  
  63  6:26  Stalker x2  
  63  6:27  Stalker  
  63  6:30  Zealot  
  71  6:39  Pylon  
  47  7:08  Stalker x3  
  41  7:09  Stalker  
  33  7:40  Zealot  
  33  7:41  Zealot x3  
  27  8:10  Stalker x2  
  27  8:11  Stalker x2  
  31  8:23  Stargate  
  23  8:47  Photon Cannon  
  23  8:50  Photon Cannon  
  23  9:08  Oracle (Chrono Boost)  
  26  9:37  Nexus  
  26  10:02  Zealot x2  
  26  10:03  Zealot  
  32  10:17  Assimilator  
  32  10:21  Assimilator  
  32  11:06  Probe  
  32  11:08  Probe  
  34  11:17  Probe  
  34  11:20  Probe  
  36  11:27  Probe  
  36  11:32  Probe  
  38  11:38  Probe  
  39  11:44  Probe  
  40  11:56  Probe  
  41  12:02  Stalker x3  
  41  12:03  Stalker  
  49  12:48  Twilight Council  
Show
View Real Time Build Order
Export as new Build Order

lesha Terran - Winner!

Build Orders:  

Get SALT Encoding   

  12  0:08  SCV  
  13  0:21  SCV  
  14  0:27  Supply Depot  
  14  0:33  SCV  
  15  0:49  SCV  
  16  0:50  Barracks  
  16  0:57  Refinery  
  16  1:01  SCV  
  17  1:13  SCV  
  18  1:25  SCV  
  19  1:37  SCV  
  20  1:45  Command Center  
  20  1:49  SCV  
  20  1:50  Marine  
  22  2:05  Orbital Command  
  22  2:09  Supply Depot  
  22  2:16  Marine  
  23  2:26  Refinery  
  23  2:34  Factory  
  23  2:35  SCV  
  24  2:41  Marine  
  25  2:47  SCV  
  27  2:59  SCV  
  27  3:00  Orbital Command  
  27  3:02  Marine  
  28  3:11  Barracks  
  28  3:17  Factory Tech Lab  
  28  3:24  Starport  
  28  3:28  SCV  
  28  3:29  SCV  
  30  3:40  SCV  
  30  3:41  SCV  
  32  3:50  Siege Tank  
  32  3:51  Barracks Tech Lab  
  32  3:53  SCV x2  
  37  4:02  Barracks  
  37  4:05  Supply Depot  
  37  4:07  Supply Depot  
  37  4:11  Engineering Bay  
  37  4:14  SCV x2  
  39  4:18  Barracks Reactor  
  39  4:23  Medivac  
  41  4:25  Marauder  
  41  4:26  SCV x2  
  45  4:39  SCV x2  
  47  4:51  SCV x2  
  49  4:55  Marine x2  
  49  4:56  Marauder  
  49  4:59  Command Center  
  53  5:00  Siege Tank  
  56  5:11  Missile Turret  
  56  5:12  SCV x2  
  58  5:19  Refinery  
  58  5:21  Refinery  
  58  5:22  Missile Turret  
  58  5:24  SCV x2  
  60  5:30  Supply Depot x2  
  60  5:31  Marine x2  
  60  5:34  Barracks Reactor  
  62  5:37  Stimpack  
  62  5:41  Starport Reactor  
  62  5:51  Marine  
  62  5:52  SCV x2  
  62  5:54  Terran Infantry Weapons Level 1  
  65  6:00  Engineering Bay  
  65  6:02  Armory  
  65  6:04  SCV x2  
  67  6:11  Marine x2  
  67  6:12  Marine x2  
  67  6:14  Marauder  
  73  6:36  Marauder  
  75  6:42  SCV x2  
  70  7:03  SCV x2  
  70  7:08  Siege Tank  
  68  7:15  SCV x2  
  66  7:17  Marine x2  
  66  7:18  Marine  
  66  7:19  Marine, Marauder  
  66  7:20  Medivac  
  66  7:21  Medivac  
  74  7:35  Marine x3  
  76  7:37  Marine  
  76  7:40  Siege Tank, Marauder  
  79  7:50  Medivac  
  77  7:53  Marine x3  
  77  7:55  Marine  
  82  8:06  Marauder  
  82  8:12  Siege Tank  
  85  8:27  Marauder  
  81  8:37  Marine x3  
  84  8:47  Orbital Command  
  84  8:53  Marine  
  85  9:02  Supply Depot  
  85  9:04  Supply Depot  
  85  9:08  Supply Depot  
  85  9:12  Supply Depot  
  85  9:23  Marine x4  
  85  9:24  Medivac x2  
  93  9:29  Terran Infantry Weapons Level 2  
  93  9:30  Terran Infantry Armor Level 1, Barracks  
  93  9:32  Barracks x3  
  93  9:42  Marauder  
  95  9:48  Command Center  
  95  9:51  Marine  
  95  9:52  Marine x3  
  99  9:55  Medivac x2  
  103  10:03  Marauder  
  105  10:09  SCV x3, Marine x2  
  110  10:14  Marine  
  110  10:15  Marine  
  110  10:18  Siege Tank  
  115  10:21  SCV x2  
  115  10:25  Marauder  
  115  10:26  Medivac  
  115  10:27  Marine  
  115  10:28  Marine  
  117  10:32  Marine x2  
  112  10:39  Barracks Reactor x2  
  112  10:40  Barracks Tech Lab x2  
  105  10:47  Marauder  
  105  10:50  Siege Tank  
  108  10:58  Missile Turret  
  108  11:02  Missile Turret  
  108  11:05  Marine x3  
  108  11:06  Marine x2  
  108  11:07  Marauder  
  108  11:08  Medivac, Marauder  
  108  11:09  Medivac  
  121  11:24  Marauder  
  123  11:27  Marine x3  
  123  11:28  Marauder, Missile Turret, Marine x4  
  123  11:29  Missile Turret  
  132  11:44  Supply Depot  
  132  11:46  Supply Depot  
  132  11:53  Missile Turret  
  132  12:05  Medivac x2, Marine x2  
  132  12:06  Supply Depot, Marauder  
  132  12:07  Marine x6  
  132  12:08  Marauder  
  148  12:09  Supply Depot  
  148  12:14  Marauder  
  147  12:23  Marine  
  147  12:27  Marine x6  
  147  12:28  Marauder  
  156  12:31  Marauder, Marine  
  156  12:33  Supply Depot x3  
  156  12:36  Marauder  
  161  12:41  Marine  
  162  12:45  Marine x2  
  162  12:50  Marine x3  
  164  12:54  Marauder, Marine  
Tags
 
Add a new tag
Caveats
  • Supply blocks, unpowered buildings, or Contaminate may cause inaccurate times.
  • Supply counts are checked every 10 seconds.